 Dungeon Crawl Stone Soup version 0.28-a0-883-gc8d7bad45d (webtiles) character file.

Game seed: 9892115595884544159

47 croobank the Magician (level 3, -2/21 HPs)
             Began as an Octopode Hedge Wizard on Nov 21, 2021.
             Slain by a quokka (4 damage)
             ... on level 2 of the Dungeon.
             The game lasted 00:06:02 (1820 turns).

croobank the Magician (Octopode Hedge Wizard)       Turns: 1820, Time: 00:06:02

Health: -2/21      AC:  1    Str: 10    XL:     3   Next: 70%
Magic:  2/8        EV: 13    Int: 16    God:
Gold:   0          SH:  0    Dex: 11    Spells: 5/9 levels left

rFire   . . .      SeeInvis .   c - +1 spear
rCold   . . .      Faith    .   (no shield)
rNeg    . . .      Spirit   .   b - +0 hat
rPois   .          Reflect  .   (no amulet)
rElec   .          Harm     .   (no ring)
rCorr   .          Rampage  .   (no ring)
Will    .....                   (no ring)
Stlth   +++.......              (no ring)
HPRegen 0.07/turn               (no ring)
MPRegen 0.11/turn               (no ring)
                                (no ring)
                                (no ring)

@: no status effects
A: almost no armour, amphibious, 8 rings, camouflage 1, gelatinous body 1,
(nimble swimmer 1), tentacles
a: no special abilities


You were on level 2 of the Dungeon.
You visited 1 branch of the dungeon, and saw 2 of its levels.

Inventory:

Hand Weapons
 a - a +0 dagger
 c - a +1 spear (weapon)
 d - a +0 short sword
Missiles
 f - 17 stones
Armour
 b - a +0 hat (worn)
Scrolls
 g - a scroll of magic mapping


   Skills:
 * Level 1.1 Polearms
 + Level 2.2 Dodging
 + Level 3.1 Stealth
 + Level 3.7 Spellcasting
 + Level 1.3 Conjurations
 + Level 1.0 Summonings
 + Level 1.0 Translocations


You had 5 spell levels left.
You knew the following spells:

 Your Spells              Type           Power      Damage    Failure   Level
a - Magic Dart            Conj           28%        1d4       10%         1
b - Blink                 Tloc           12%        N/A       17%         2
c - Slow                  Hex            8%         N/A       17%         1

Your spell library contained the following spells:

 Spells                   Type           Power      Damage    Failure   Level
 Call Imp                 Summ           6%         N/A       17%         2
 Conjure Flame            Conj/Fire      5%         6-21      36%         3
 Mephitic Cloud           Conj/Pois/Air  4%         N/A       41%         3


Dungeon Overview and Level Annotations

Branches:
Dungeon (2/15)

Altars:
The Shining One


Innate Abilities, Weirdness & Mutations

You cannot wear most types of armour.
You are amphibious.
You can wear up to eight rings at the same time.
Your skin changes colour to match your surroundings (Stealth+).
Your rubbery body absorbs attacks. (AC +1, EV +1)
((You are camouflaged near water. (Stealth+)))
You have tentacles for arms and can constrict up to eight enemies at once.


Message History

Press: ? - help, Q - select action, (/) - cycle Shift-Dir - straight line, f/p - worm
Aim: a worm (lightly wounded, 100% to hit)
The magic dart hits the worm.
The worm is lightly wounded.
Aiming: Magic Dart (safe; 11% risk of failure)
Press: ? - help, Q - select action, (/) - cycle Shift-Dir - straight line, f/p - worm
Aim: a worm (lightly wounded, 100% to hit)
You miscast Magic Dart.
Nothing appears to happen.
Unknown command.
You don't have enough magic to cast this spell.
A quokka and an endoplasm come into view.
Found an onyx ring.
Found a glowing golden altar of the Shining One.
Found an escape hatch in the floor.
You barely miss the worm. Your grab misses the worm.
The worm is lightly wounded.
You hit the worm. You grab the worm.
The worm is moderately wounded.
You constrict the worm. The worm bites you.
You hit the worm.
The worm is heavily wounded.
You constrict the worm. You hit the worm.
The worm is severely wounded.
You constrict the worm. The worm bites you.
You hit the worm. Your squeeze misses the worm.
The worm is almost dead.
You constrict the worm. The worm bites you!
Ouch! That really hurt!
* * * LOW HITPOINT WARNING * * *
You hit the worm.
You kill the worm!
The quokka misses you.
You closely miss the quokka. Your grab misses the quokka.
The quokka closely misses you. The quokka barely misses you.
Your magical contamination has completely faded away.
You see here a rat corpse.
Found a stone staircase leading up.
The quokka bites you.
You die...

<.. ... ...
..>...... #.#
......... #.#
......... #.#
#†....... #.#
#........ #@#
#........ #r#
#†.......
##.####.......J
#<.............
#.######.....?.
#.# .$..... #.#
....... #.#
.=..... #.#
.......


You could see a quokka.

Vanquished Creatures
  A gnoll (D:1)
  A worm (D:2)
  2 ball pythons (D:1)
  2 bats (D:1)
  5 endoplasms (D:1)
  A giant cockroach (D:1)
  3 goblins (D:1)
  5 hobgoblins
  5 kobolds (D:1)
  2 frilled lizards
  2 rats
29 creatures vanquished.

Notes
Turn   | Place    | Note
-------+----------+-------------------------------------------
     0 | D:1      | croobank the Octopode Hedge Wizard began the quest for the
                  | Orb.
     0 | D:1      | Reached XP level 1. HP: 11/11 MP: 4/4
   247 | D:1      | Reached XP level 2. HP: 11/17 MP: 0/6
   811 | D:1      | Reached XP level 3. HP: 5/21 MP: 4/8
  1171 | D:1      | Learned a level 2 spell: Blink
  1230 | D:1      | Reached skill level 1 in Polearms
  1374 | D:1      | Learned a level 1 spell: Slow
  1806 | D:2      | Found a glowing golden altar of the Shining One.
  1811 | D:2      | HP: 1/21 [worm (11)]
  1820 | D:2      | Slain by a quokka

Illustrated notes

Levels and vault maps discovered:
D:1:      lightli_arrival_statue_moat, layout_loops_corners
D:2:      layout_rooms, basic_altar, basic_ecumenical_altar

Skill      XL: |  1  2  3 |
---------------+----------+-----
Polearms       | 1 |  1.1
Stealth        | 3 |  3.1
Dodging        | |  2.2
Spellcasting   | |  3.7
Conjurations   | |  1.3
Summonings     | |  1.0
Translocations | |  1.0

Action                   || total
-------------------------++-------
Melee: Dagger            ||     8
       Constrict         ||     7
       Tentacles         ||     3
       Spear             ||    25
 Cast: Magic Dart        ||    60
  Use: Scroll            ||     3
 Stab: Sleeping          ||     1
Armor: Skin              ||     1
Dodge: Dodged            ||    18

Table legend: (Time is in decaauts)
 A = Elapsed time spent in this place.
 B = Non-inter-level travel time spent in this place.
 C = Inter-level travel time spent in this place.
 D = Time resting spent in this place.
 E = Time spent auto-exploring this place.
 F = Levels seen in this place.
 G = Mean time per level.
                   A        B        C        D        E       F      G
               +--------+--------+--------+--------+--------+-----+--------+
         Total |   1820 |   1764 |     56 |    324 |   1257 |   2 |  910.0 |
       Dungeon |   1820 |   1764 |     56 |    324 |   1257 |   2 |  910.0 |
               +--------+--------+--------+--------+--------+-----+--------+

Top non-repeatable levels by time:
     D:1: 1769 daAuts
     D:2: 51 daAuts
